AoeStats
← 恆浪蕩

Arena

508436996Analyzed
4v4 RM · 9d ago on Sep 22, 2026· 69m 7s· 8 players
Game mode
Random Map
Map size
Large (8 player)
Population
200
Speed
Normal
Resources
Standard
Victory
Conquest
Starting age
Dark Age
Ending age
Imperial Age
RankedLock teamsTeams togetherTeam positionsShared explorationLock speedFull tech treeHidden civsTurbo modeCheats
Victory
Defeat
🇹🇼 Teutons · Taiwan
1755
+18
🇦🇷 Malay · Argentina
1647
+22
1617
+23
🇹🇼 Berbers · Taiwan
1584
+24
🇨🇿 Inca · Czechia
1826
-23
🇺🇦 Mongols · Ukraine
1820
-23
🇹🇼 Vikings · Taiwan
1747
-21
🇹🇼 Tupi · Taiwan
1740
-20
JB11FRANK
7:49 Loom
10:09 Feudal Age
14:00 Castle Age
11:57 Double-Bit Axe
12:24 Horse Collar
14:58 Bow Saw
20:22 Wheelbarrow
19:59 Heavy Plow
20:37 Scale Mail Armor
21:21 Squires
21:54 Forging
23:27 Hand Cart
24:27 Arson
26:16 Chain Mail Armor
26:56 Iron Casting
26:14 Gold Mining
26:15 Stone Mining
29:38 Gold Shaft Mining
33:16 Imperial Age
31:12 Fletching
31:05 Treadmill Crane
31:46 Ballistics
31:14 Town Watch
32:00 Padded Archer Armor
31:56 Bodkin Arrow
32:56 Pikeman
34:09 Curare
34:29 Conscription
34:10 Bracer
35:23 Two-Man Saw
34:47 Leather Archer Armor
35:04 Plate Mail Armor
38:05 Ring Archer Armor
39:03 Chemistry
37:40 Halberdier
42:52 Elite Blackwood Archer
44:17 Caravan
46:56 Hoardings
50:23 Capped Ram
Ouch
9:44 Feudal Age
10:59 Double-Bit Axe
13:41 Castle Age
11:44 Horse Collar
14:52 Bow Saw
16:36 Wheelbarrow
20:44 Stone Mining
22:01 Hand Cart
22:01 Hand Cart
22:21 Gold Mining
23:19 Town Watch
23:20 Loom
25:39 Gold Shaft Mining
27:45 Imperial Age
25:27 Forging
25:39 Heavy Plow
26:08 Scale Barding Armor
26:43 Stone Shaft Mining
27:06 Iron Casting
26:53 Husbandry
27:04 Bloodlines
27:34 Chain Barding Armor
27:34 Town Patrol
28:09 Bloodlines
28:17 Heavy Camel Rider
29:58 Conscription
30:44 Chemistry
31:49 Blast Furnace
31:21 Masonry
31:43 Fletching
33:07 Bodkin Arrow
33:13 Padded Archer Armor
33:36 Ballistics
33:22 Siege Engineers
33:58 Bracer
36:21 Leather Archer Armor
37:58 Drill
37:41 Heavy Scorpion
38:28 Capped Ram
39:49 Siege Ram
41:15 Siege Ram
41:29 Siege Ram
42:26 Caravan
42:39 Siege Ram
44:27 Light Cavalry
57:32 Murder Holes
57:34 Hussar
59:43 Fortified Wall
Velky kanec
9:54 Feudal Age
14:04 Castle Age
12:09 Double-Bit Axe
12:24 Horse Collar
15:02 Bow Saw
19:45 Wheelbarrow
21:18 Stone Mining
22:02 Gold Mining
23:13 Loom
27:06 Imperial Age
24:32 Treadmill Crane
24:55 Scale Mail Armor
24:59 Heavy Plow
25:38 Hand Cart
25:17 Town Watch
26:36 Chain Mail Armor
25:57 Pikeman
26:49 Forging
27:26 Squires
28:09 Capped Ram
28:58 Halberdier
30:50 Plate Mail Armor
31:21 Iron Casting
31:04 Siege Engineers
31:32 Conscription
33:50 Blast Furnace
33:24 Siege Ram
35:01 Masonry
35:52 Chemistry
35:27 Fletching
37:39 Gold Shaft Mining
37:39 Stone Shaft Mining
37:45 Onager
39:05 Bodkin Arrow
39:10 Padded Archer Armor
40:12 Bracer
40:27 Caravan
40:42 Crossbowman
42:08 Leather Archer Armor
42:07 Arbalester
42:54 Thumb Ring
43:46 Ballistics
44:17 Guilds
45:36 Ring Archer Armor
45:03 Elite Skirmisher
47:59 Elite Skirmisher
60:46 Crop Rotation
AIGUN
10:35 Feudal Age
14:28 Castle Age
12:37 Double-Bit Axe
12:55 Horse Collar
15:22 Bow Saw
20:12 Heavy Plow
20:04 Gold Mining
21:47 Gold Shaft Mining
25:51 Imperial Age
23:22 Scale Mail Armor
24:07 Forging
24:18 Loom
24:53 Chain Mail Armor
24:35 Treadmill Crane
25:31 Iron Casting
24:27 Man-at-Arms
25:35 Squires
25:17 Long Swordsman
26:12 Gambesons
27:07 Plate Mail Armor
26:02 Two-Handed Swordsman
27:32 Champion
32:04 Blast Furnace
31:20 Siege Engineers
31:03 Arson
32:06 Stone Mining
32:47 Pikeman
36:34 Fletching
37:46 Chemistry
38:18 Two-Man Saw
37:49 Crop Rotation
37:19 Bodkin Arrow
37:46 Ballistics
39:21 Padded Archer Armor
39:22 Bracer
39:35 Masonry
41:21 Coinage
41:13 Conscription
40:54 Chieftains
43:09 Banking
44:50 Hoardings
44:17 Devotion
46:29 Architecture
46:11 Fortified Wall
49:51 Capped Ram
54:33 Siege Ram
FUFU
10:36 Feudal Age
11:26 Double-Bit Axe
14:24 Castle Age
12:28 Horse Collar
15:33 Bow Saw
21:49 Wheelbarrow
22:11 Gold Mining
22:53 Heavy Plow
27:22 Imperial Age
25:44 Hand Cart
25:24 Stone Mining
26:04 Scale Barding Armor
26:09 Forging
26:20 Loom
26:54 Bloodlines
27:13 Chain Barding Armor
27:28 Iron Casting
28:23 Iron Casting
27:35 Cavalier
28:51 Plate Barding Armor
30:14 Blast Furnace
30:06 Conscription
30:25 Paladin
32:00 Fletching
32:24 Scale Mail Armor
31:51 Pikeman
32:32 Squires
32:28 Halberdier
34:10 Chain Mail Armor
34:58 Plate Mail Armor
36:23 Arson
36:36 Bodkin Arrow
37:55 Ballistics
38:36 Chemistry
39:29 Crenellations
42:05 Caravan
46:07 Two-Man Saw
45:41 Crop Rotation
48:13 Masonry
48:40 Hoardings
53:14 Siege Engineers
57:48 Town Watch
59:17 Coinage
61:13 Banking
60:45 Elite Teutonic Knight
62:39 Guilds
她要你就給她嘛
10:38 Feudal Age
11:51 Double-Bit Axe
14:27 Castle Age
14:36 Horse Collar
15:38 Bow Saw
15:31 Heavy Plow
20:38 Wheelbarrow
21:48 Gold Mining
22:01 Stone Mining
26:10 Hand Cart
28:29 Imperial Age
26:01 Loom
27:12 Stone Shaft Mining
27:14 Gold Shaft Mining
26:58 Scale Barding Armor
27:03 Forging
28:12 Bloodlines
28:03 Husbandry
28:40 Chain Barding Armor
29:33 Iron Casting
28:58 Town Watch
30:00 Plate Barding Armor
31:24 Blast Furnace
30:40 Elite Konnik
31:19 Fletching
31:57 Conscription
32:06 Stirrups
33:09 Bodkin Arrow
35:25 Coinage
35:57 Bracer
37:00 Chemistry
36:12 Masonry
39:06 Scale Mail Armor
39:10 Squires
38:56 Arson
39:28 Caravan
40:07 Light Cavalry
41:37 Chain Mail Armor
41:12 Hussar
43:22 Plate Mail Armor
45:43 Heavy Scorpion
47:44 Ballistics
48:59 Siege Engineers
52:40 Banking
54:12 Capped Ram
55:20 Siege Ram
默默默默默
8:07 Feudal Age
8:03 Double-Bit Axe
8:30 Horse Collar
15:11 Wheelbarrow
17:08 Castle Age
15:45 Town Watch
18:20 Bow Saw
18:50 Gold Mining
20:36 Man-at-Arms
21:46 Long Swordsman
22:50 Forging
24:19 Iron Casting
25:59 Arson
30:16 Fletching
31:19 Bodkin Arrow
33:09 Loom
37:49 Caravan
38:36 Hand Cart
42:23 Imperial Age
40:04 Caravan
40:09 Heavy Plow
40:34 Padded Archer Armor
40:43 Thalassocracy
41:22 Gold Shaft Mining
40:40 Stone Mining
40:54 Crossbowman
41:40 Thumb Ring
41:57 Bracer
42:19 Ballistics
42:25 Conscription
43:38 Leather Archer Armor
44:38 Chemistry
43:36 Two-Handed Swordsman
44:19 Forced Levy
43:58 Arbalester
46:36 Blast Furnace
46:08 Ring Archer Armor
45:58 Treadmill Crane
46:36 Masonry
46:44 Squires
48:41 Siege Engineers
53:40 Crop Rotation
53:13 Treadmill Crane
54:37 Elite Skirmisher
56:39 Bombard Tower
恆浪蕩
8:33 Loom
11:03 Feudal Age
12:38 Double-Bit Axe
14:59 Castle Age
13:25 Horse Collar
16:11 Bow Saw
16:11 Heavy Plow
22:44 Wheelbarrow
23:38 Gold Mining
27:55 Imperial Age
25:54 Fletching
26:02 Treadmill Crane
26:23 Bodkin Arrow
27:27 Ballistics
28:24 Thumb Ring
28:22 Husbandry
29:41 Chemistry
28:45 Bracer
31:03 Bloodlines
31:27 Siege Engineers
31:48 Fortified Wall
31:11 Elite Camel Archer
33:59 Hand Cart
34:46 Padded Archer Armor
35:47 Leather Archer Armor
35:54 Fortified Wall
38:17 Elite Genitour
39:46 Masonry
40:38 Town Watch
43:49 Ring Archer Armor
44:07 Caravan
47:48 Heavy Scorpion
50:16 Crop Rotation
50:23 Gold Shaft Mining
49:38 Stone Mining
50:06 Scale Mail Armor
50:16 Forging
50:44 Coinage
50:55 Light Cavalry
51:44 Scale Barding Armor
51:50 Forging
59:46 Chain Barding Armor
60:58 Plate Barding Armor
61:28 Hussar
62:45 Banking
63:57 Iron Casting
65:12 Blast Furnace
69:13 Town Patrol
Connection lost

Rejoining the realm…

Still unreachable

The connection could not be restored.

Session expired

The server has moved on; the page needs a fresh start.